 Dungeon Crawl Stone Soup version 0.23.1 (webtiles) character file.

Game seed: 3172922628589578835

120 Kairos the Sneak (level 5, -3/26 HPs)
             Began as a Vine Stalker Assassin on Mar 10, 2019.
             Slain by Grinder (7 damage)
             ... on level 3 of the Dungeon.
             The game lasted 00:02:21 (2105 turns).

Kairos the Sneak (Vine Stalker Assassin)            Turns: 2105, Time: 00:02:21

Health: -3/26      AC:  4    Str: 14    XL:     5   Next: 4%
Magic:  0/6        EV: 12    Int: 11    God:
Gold:   74         SH:  0    Dex: 16    Spells: 4/4 levels left

rFire    . . .     SeeInvis .   a - +2 dagger
rCold    . . .     Gourm    .   (no shield)
rNeg     . . .     Faith    +   j - +0 leather armour
rPois    +         Spirit   +   (no helmet)
rElec    .         Reflect  .   d - +0 cloak
rCorr    .         Harm     .   (no gloves)
MR       .....                  (no boots)
Stlth    +++.......             h - amulet of faith
HPRegen  0.48/turn              p - ring of poison resistance
MPRegen  0.10/turn              (no ring)

@: no status effects
A: fangs 2, regeneration 1, magic shield, antimagic bite, no potion heal 3, rot
immunity
a: no special abilities


You were on level 3 of the Dungeon.
You were hungry.

You visited 1 branch of the dungeon, and saw 3 of its levels.

You collected 74 gold pieces.

Inventory:

Hand Weapons
 a - a +2 dagger (weapon)
 b - a +0 blowgun
Missiles
 e - 8 poisoned needles
 f - 2 curare-tipped needles
Armour
 c - a +0 robe
 d - a +0 cloak (worn)
 j - a +0 leather armour (worn)
Jewellery
 h - an amulet of faith (around neck)
 p - a ring of poison resistance (left hand)
Scrolls
 i - a scroll of amnesia
 k - a scroll of enchant armour {unknown}
 m - a scroll of enchant weapon {unknown}
 n - a scroll of remove curse {unknown}
 o - a scroll of magic mapping {unknown}
Potions
 l - a potion of might
 q - a potion of degeneration {unknown}
Comestibles
 g - 6 rations


   Skills:
 + Level 2.1 Fighting
 + Level 2.5 Short Blades
 + Level 1.8 Throwing
 + Level 1.0 Armour
 + Level 1.4 Dodging
 + Level 6.2 Stealth


You had 4 spell levels left.
You didn't know any spells.
Your spell library was empty.

Dungeon Overview and Level Annotations

Branches:
Dungeon (3/15)

Altars:

Annotations:
D:3 Grinder


Innate Abilities, Weirdness & Mutations

You have extremely sharp teeth.
Your natural rate of healing is unusually fast.
When hurt, damage is shared between your health and your magic reserves.
Your bite disrupts and absorbs the magic of your enemies.
Potions cannot restore your health.
You are immune to rotting.


Message History

Grinder is severely wounded.
Grinder hits you.
* * * LOW HITPOINT WARNING * * *
You writhe in agony.
* * * LOW HITPOINT WARNING * * *
You barely miss Grinder. You bite Grinder, but do no damage.
Grinder is severely wounded.
Grinder gestures at you.
You suddenly lose the ability to move!
Grinder gestures at you.
You struggle to resist.
Grinder falters for a moment.
Grinder hits you but does no damage. Grinder hits you.
* * * LOW HITPOINT WARNING * * *
You can move again.
You closely miss Grinder.
Grinder is severely wounded.
Grinder hits you!
You die...

.≈.≈.≈ ..⌠.. #...
.≈.≈ # #..# ⌠..
#.#..###.≈
#.#..##r.
#.#..##5# ###.#
.###....##@#.....#
..>...........##
####...†.......#
#.###.##.##.. #.#
#.# .# #.# #.# #
#.# #.# #.# #.#
#.# #..


You could see Grinder and a rat.

Vanquished Creatures
  4 adders
  2 oozes (D:2)
  5 dart slugs
  2 leopard geckos
  9 bats
  9 giant cockroaches
  3 goblins
  5 hobgoblins
  2 jackals (D:2)
  2 quokkas
  4 ball pythons
  A frilled lizard (D:1)
  8 kobolds
  6 rats
62 creatures vanquished.

Notes
Turn   | Place    | Note
-------+----------+-------------------------------------------
     0 | D:1      | Kairos the Vine Stalker Assassin began the quest for the
                  | Orb.
     0 | D:1      | Reached XP level 1. HP: 11/11 MP: 2/2
   127 | D:1      | Reached skill level 5 in Stealth
   158 | D:1      | Reached XP level 2. HP: 7/15 MP: 3/3
   503 | D:1      | Reached skill level 1 in Dodging
   603 | D:1      | Reached XP level 3. HP: 18/18 MP: 4/4
  1144 | D:2      | Reached skill level 6 in Stealth
  1177 | D:2      | Gained mutation: Your natural rate of healing is unusually
                  | fast. [Vine Stalker growth]
  1177 | D:2      | Reached XP level 4. HP: 13/23 MP: 2/5
  2068 | D:3      | Reached skill level 1 in Armour
  2068 | D:3      | Reached XP level 5. HP: 26/26 MP: 6/6
  2079 | D:3      | Noticed Grinder
  2100 | D:3      | Paralysed by Grinder for 4 turns
  2105 | D:3      | Slain by Grinder

Skill      XL: |  1  2  3  4 |
---------------+-------------+-----
Fighting       | 2 |  2.1
Stealth        | 5 6 |  6.2
Dodging        | 1 |  1.4
Short Blades   | 2 |  2.5
Armour         | 1 |  1.0
Throwing       | |  1.8

Action                   |  1- 3 |  4- 6 || total
-------------------------+-------+-------++-------
Melee: Dagger            |    98 |    98 ||   196
       Bite              |    20 |    29 ||    49
  Use: Scroll            |     1 |     1 ||     2
 Stab: Sleeping          |     9 |     8 ||    17
  Eat: Chunk             |       |     3 ||     3
Armor: Robe              |    13 |       ||    13
       Leather armour    |    27 |    28 ||    55
Dodge: Dodged            |    51 |    59 ||   110
